TOP OF THE 1ST |
Redlands East Valley Wildcats batting - Pitching for University of Maine Black Bears : RHP Dan Cardinal
|
Pitching: RHP Dan Cardinal
|
|
Batting: SHB Jonathan Jacob
|
0-0: Swinging Strike 0-1: Ball 1-1: Ball 2-1: Called Strike 2-2: Fly out, F7 (Flyball, 78D, EV 94.4 MPH)
|
Batting: LHB Jim Snell
|
0-0: Ball 1-0: Called Strike 1-1: Ball 2-1: Foul Ball, location: 2F 2-2: Foul Ball, location: 2F 2-2: Foul Ball, location: 2F 2-2: DOUBLE (Line Drive, 9LS, EV 101.2 MPH)
|
Batting: RHB Zach Warwick
|
0-0: Ball Jim Snell steals 3rd base 1-0: Ground out 6-3 (Groundball, 56, EV 83.8 MPH) Jim Snell scores
|
Batting: LHB Yong-chul Ou
|
0-0: Ball 1-0: Ball 2-0: Ball 3-0: Called Strike 3-1: Foul Ball, location: 2F 3-2: Base on Balls
|
Batting: LHB Eddie Montiel
|
0-0: SINGLE (Groundball, 3, EV 96.9 MPH) Yong-chul Ou to second Runner from 2nd tries for 3rd, SAFE, throw by RF made to third
|
Batting: SHB Jason Pugh
|
0-0: Fielders Choice at 2nd, 6-4 (Groundball, 6, EV 89.4 MPH)
|
Top of the 1st over - 1 run, 2 hits, 0 errors, 2 left on base; Redlands East Valley 1 - University of Maine 0 |
BOTTOM OF THE 1ST |
University of Maine Black Bears batting - Pitching for Redlands East Valley Wildcats : RHP Alex Valdez
|
Pitching: RHP Alex Valdez
|
|
Batting: RHB Wang Huan
|
0-0: Ball 1-0: Fly out, F8 (Flyball, 8LS, EV 88.8 MPH)
|
Batting: LHB Dave Aguilar
|
0-0: Called Strike 0-1: Ground out 4-3 (Groundball, 4, EV 78.8 MPH)
|
Batting: RHB Wang-fen Yang
|
0-0: Foul Ball, location: 2F 0-1: Ball 1-1: Swinging Strike 1-2: DOUBLE (Groundball, 5L, EV 100.0 MPH)
|
Batting: LHB Seung Pack
|
0-0: DOUBLE (Groundball, 3L, EV 104.4 MPH) Wang-fen Yang scores
|
Batting: RHB Alex Day
|
0-0: Called Strike 0-1: Ball 1-1: Ball 2-1: Swinging Strike 2-2: Strikes out swinging
|
Bottom of the 1st over - 1 run, 2 hits, 0 errors, 1 left on base; Redlands East Valley 1 - University of Maine 1 |
TOP OF THE 2ND |
Redlands East Valley Wildcats batting - Pitching for University of Maine Black Bears : RHP Dan Cardinal
|
Batting: SHB John Loechel
|
0-0: Called Strike 0-1: Foul Ball, location: 2F 0-2: Ball 1-2: Foul Ball, location: 2F 1-2: Ball 2-2: Ball 3-2: Foul Ball, location: 2F 3-2: Strikes out swinging
|
Batting: RHB Alex Freyre
|
0-0: Called Strike 0-1: Swinging Strike 0-2: Ball 1-2: Strikes out looking
|
Batting: RHB Takayashi Hori
|
0-0: Ball 1-0: SINGLE (Groundball, 56S, EV 71.9 MPH) (infield hit)
|
Batting: SHB Jonathan Jacob
|
0-0: Ball 1-0: Foul Ball, location: 2F 1-1: Called Strike 1-2: Strikes out looking
|
Top of the 2nd over - 0 runs, 1 hit, 0 errors, 1 left on base; Redlands East Valley 1 - University of Maine 1 |
BOTTOM OF THE 2ND |
University of Maine Black Bears batting - Pitching for Redlands East Valley Wildcats : RHP Alex Valdez
|
Batting: SHB Mario Barajas
|
0-0: Ball 1-0: Ball 2-0: Ball 3-0: Called Strike 3-1: Foul Ball, location: 2F 3-2: Foul Ball, location: 2F 3-2: Foul Ball, location: 2F 3-2: Ground out 2-3 (Groundball, 15S, EV 67.5 MPH)
|
Batting: LHB John Bergeron
|
0-0: Swinging Strike 0-1: Called Strike 0-2: Ball 1-2: Strikes out swinging
|
Batting: LHB Lance Widdison
|
0-0: Ground out 4-3 (Groundball, 4, EV 84.4 MPH)
|
Bottom of the 2nd over - 0 runs, 0 hits, 0 errors, 0 left on base; Redlands East Valley 1 - University of Maine 1 |
TOP OF THE 3RD |
Redlands East Valley Wildcats batting - Pitching for University of Maine Black Bears : RHP Dan Cardinal
|
Batting: LHB Jim Snell
|
0-0: Foul Ball, location: 2F 0-1: Ball 1-1: Ball 2-1: Swinging Strike 2-2: Ball 3-2: Foul Ball, location: 2F 3-2: Ground out U3 (Groundball, 34S, EV 80.0 MPH)
|
Batting: RHB Zach Warwick
|
0-0: Ball 1-0: Ball 2-0: Ball 3-0: Called Strike 3-1: Ground out U3 (Groundball, 34, EV 94.4 MPH)
|
Batting: LHB Yong-chul Ou
|
0-0: Foul Ball, location: 2F 0-1: Ball 1-1: Foul Ball, location: 2F 1-2: Foul Ball, location: 2F 1-2: SINGLE (Line Drive, 3D, EV 98.1 MPH)
|
Batting: LHB Eddie Montiel
|
0-0: Fielders Choice at 2nd, 6-4 (Groundball, 6, EV 98.1 MPH)
|
Top of the 3rd over - 0 runs, 1 hit, 0 errors, 1 left on base; Redlands East Valley 1 - University of Maine 1 |
BOTTOM OF THE 3RD |
University of Maine Black Bears batting - Pitching for Redlands East Valley Wildcats : RHP Alex Valdez
|
Batting: SHB Ron Handford
|
0-0: Called Strike 0-1: Called Strike 0-2: Fly out, F3 (Popup, 23F, EV 88.8 MPH)
|
Batting: RHB Wang Huan
|
0-0: Called Strike 0-1: Ball 1-1: Foul Ball, location: 2F 1-2: Foul Ball, location: 2F 1-2: Ground out 4-3 (Groundball, 34, EV 94.4 MPH)
|
Batting: LHB Dave Aguilar
|
0-0: Ball 1-0: Ground out 4-3 (Groundball, 34, EV 105.6 MPH)
|
Bottom of the 3rd over - 0 runs, 0 hits, 0 errors, 0 left on base; Redlands East Valley 1 - University of Maine 1 |
TOP OF THE 4TH |
Redlands East Valley Wildcats batting - Pitching for University of Maine Black Bears : RHP Dan Cardinal
|
Pitching: RHP Tom Neft
|
|
Batting: SHB Jason Pugh
|
0-0: Called Strike 0-1: Ball 1-1: Ball 2-1: SINGLE (Groundball, 34D, EV 96.9 MPH)
|
Batting: SHB John Loechel
|
0-0: Ball 1-0: Foul Ball, location: 2F 1-1: Called Strike 1-2: Ball 2-2: Ball 3-2: Base on Balls Jason Pugh to second
|
Batting: RHB Alex Freyre
|
0-0: Called Strike 0-1: SINGLE (Groundball, 6D, EV 101.2 MPH) Jason Pugh to third John Loechel to second
|
Pinch Hitting: LHB B.J. Ferguson
|
0-0: Swinging Strike 0-1: Called Strike 0-2: Strikes out swinging
|
Pinch Hitting: LHB Lenz Garfinkel
|
0-0: Ball 1-0: Foul Ball, location: 2F 1-1: Foul Ball, location: 2F 1-2: Foul Ball, location: 2F 1-2: Ball 2-2: Foul Ball, location: 2F 2-2: Ball 3-2: Foul Ball, location: 2F 3-2: Base on Balls Jason Pugh scores John Loechel to third Alex Freyre to second
|
Pinch Hitting: LHB Kris Zimbalist
|
0-0: Ball Wild Pitch! John Loechel scores Alex Freyre to third Lenz Garfinkel to second 1-0: Ground out 4-3 (Groundball, 4, EV 103.8 MPH) Alex Freyre scores Lenz Garfinkel to third
|
Batting: RHB Zach Warwick
|
0-0: Foul Ball, location: 2F 0-1: Called Strike 0-2: Ball 1-2: Ball 2-2: Ball 3-2: SINGLE (Groundball, 56D, EV 98.1 MPH) Lenz Garfinkel scores
|
Pitching: RHP Tim Hayes
|
|
Batting: LHB John Blumberg
|
0-0: Called Strike Zach Warwick is caught stealing 2nd base 2-6
|
Top of the 4th over - 4 runs, 3 hits, 0 errors, 0 left on base; Redlands East Valley 5 - University of Maine 1 |
BOTTOM OF THE 4TH |
University of Maine Black Bears batting - Pitching for Redlands East Valley Wildcats : RHP Alex Valdez
|
Now at 1B: Justin Thomas
|
|
Now at SS: Jeremy Evans
|
|
Now in LF: Joe McKinzie
|
|
Batting: RHB Wang-fen Yang
|
0-0: DOUBLE (Flyball, 8RXD, EV 107.5 MPH)
|
Batting: LHB Seung Pack
|
0-0: Called Strike 0-1: Ball 1-1: Called Strike 1-2: Ball 2-2: Ball 3-2: Foul Ball, location: 2F 3-2: Strikes out swinging
|
Batting: RHB Alex Day
|
0-0: Ball 1-0: Swinging Strike 1-1: Called Strike 1-2: Strikes out swinging
|
Batting: SHB Mario Barajas
|
0-0: Ground out 4-3 (Groundball, 4, EV 98.8 MPH)
|
Bottom of the 4th over - 0 runs, 1 hit, 0 errors, 1 left on base; Redlands East Valley 5 - University of Maine 1 |
TOP OF THE 5TH |
Redlands East Valley Wildcats batting - Pitching for University of Maine Black Bears : RHP Tim Hayes
|
Now at 3B: Rewa Havika
|
|
Now at SS: Steve Thomas
|
|
Now in CF: Kevin Baker
|
|
Batting: LHB John Blumberg
|
0-0: Ball 1-0: Ground out 4-3 (Groundball, 4, EV 87.5 MPH)
|
Pinch Hitting: RHB Nick Pothier
|
0-0: Ball 1-0: Ground out 5-3 (Groundball, 5L, EV 83.1 MPH)
|
Batting: SHB Jason Pugh
|
0-0: Ball 1-0: Called Strike 1-1: Ball 2-1: SINGLE (Line Drive, 8RS, EV 91.2 MPH)
|
Batting: SHB John Loechel
|
0-0: Called Strike 0-1: Swinging Strike 0-2: Ball Jason Pugh is caught stealing 2nd base 2-6
|
Top of the 5th over - 0 runs, 1 hit, 0 errors, 0 left on base; Redlands East Valley 5 - University of Maine 1 |
BOTTOM OF THE 5TH |
University of Maine Black Bears batting - Pitching for Redlands East Valley Wildcats : RHP Alex Valdez
|
Now at C: Jim Cahan
|
|
Now at 3B: Jeremy Evans
|
|
Now at SS: Felipe Lara
|
|
Now in CF: Steve Lane
|
|
Batting: LHB John Bergeron
|
0-0: Reached on error, E3 (Groundball, 3, EV 80.0 MPH)
|
Batting: LHB Lance Widdison
|
0-0: Foul Ball, location: 2F 0-1: Ball 1-1: Foul Ball, location: 2F 1-2: Strikes out swinging
|
Batting: SHB Ron Handford
|
0-0: Foul Ball, location: 2F 0-1: Ball 1-1: Ball 2-1: Swinging Strike 2-2: Ball 3-2: Foul Ball, location: 2F 3-2: Base on Balls John Bergeron to second
|
Batting: RHB Rewa Havika
|
0-0: Ball 1-0: Called Strike 1-1: Foul Ball, location: 2F 1-2: Strikes out swinging
|
Pinch Hitting: RHB Justin Degon
|
0-0: Ground out 2-3 (Groundball, 13S, EV 74.4 MPH)
|
Bottom of the 5th over - 0 runs, 0 hits, 1 error, 2 left on base; Redlands East Valley 5 - University of Maine 1 |
TOP OF THE 6TH |
Redlands East Valley Wildcats batting - Pitching for University of Maine Black Bears : RHP Tim Hayes
|
Now at 2B: Steve Thomas
|
|
Now at SS: Justin Degon
|
|
Batting: LHB Steve Lane
|
0-0: Called Strike 0-1: Ball 1-1: Ball 2-1: Foul Ball, location: 2F 2-2: Foul Ball, location: 2F 2-2: Ball 3-2: Foul Ball, location: 2F 3-2: Fly out, F7 (Line Drive, 7, EV 95.0 MPH)
|
Batting: RHB Jim Cahan
|
0-0: Called Strike 0-1: Ball 1-1: Swinging Strike 1-2: Ground out 6-3 (Groundball, 6, EV 89.4 MPH)
|
Batting: RHB Justin Thomas
|
0-0: Foul Ball, location: 2F 0-1: Called Strike 0-2: Ball 1-2: Strikes out swinging
|
Top of the 6th over - 0 runs, 0 hits, 0 errors, 0 left on base; Redlands East Valley 5 - University of Maine 1 |
BOTTOM OF THE 6TH |
University of Maine Black Bears batting - Pitching for Redlands East Valley Wildcats : RHP Alex Valdez
|
Pitching: LHP David Garcia
|
|
Batting: LHB Steve Thomas
|
0-0: Ball 1-0: Ball 2-0: Fly out, F8 (Flyball, 78M, EV 89.4 MPH)
|
Pinch Hitting: LHB Osmo Leino
|
0-0: Called Strike 0-1: Ball 1-1: Foul Ball, location: 2F 1-2: Ball 2-2: Foul Ball, location: 2F 2-2: Strikes out swinging
|
Batting: LHB John Knox
|
0-0: Ball 1-0: Called Strike 1-1: Foul Ball, location: 2F 1-2: Foul Ball, location: 2F 1-2: Foul Ball, location: 2F 1-2: Foul Ball, location: 2F 1-2: Fly out, F8 (Flyball, 8RS, EV 74.4 MPH)
|
Bottom of the 6th over - 0 runs, 0 hits, 0 errors, 0 left on base; Redlands East Valley 5 - University of Maine 1 |
TOP OF THE 7TH |
Redlands East Valley Wildcats batting - Pitching for University of Maine Black Bears : RHP Tim Hayes
|
Pitching: RHP Chance Crawford
|
|
Now at C: Pita Arnurna
|
|
Now at 1B: Ed Leighton
|
|
Now in LF: Osmo Leino
|
|
Batting: RHB Joe McKinzie
|
0-0: Swinging Strike 0-1: Ball 1-1: Ball 2-1: Ball 3-1: Foul Ball, location: 2F 3-2: Strikes out looking
|
Batting: RHB Jeremy Evans
|
0-0: Called Strike 0-1: Ball 1-1: Ball 2-1: Reached on error, E4 (Groundball, 4M, EV 84.4 MPH)
|
Pinch Hitting: RHB Po-fu Nan
|
0-0: Foul Ball, location: 2F 0-1: Called Strike 0-2: Strikes out swinging
|
Batting: LHB John Blumberg
|
0-0: Called Strike 0-1: Called Strike 0-2: Ball 1-2: Ball 2-2: Strikes out swinging
|
Top of the 7th over - 0 runs, 0 hits, 1 error, 1 left on base; Redlands East Valley 5 - University of Maine 1 |
BOTTOM OF THE 7TH |
University of Maine Black Bears batting - Pitching for Redlands East Valley Wildcats : LHP David Garcia
|
Pitching: RHP Rich McCain
|
|
Now at 2B: Alex Rivas
|
|
Batting: RHB Kevin Baker
|
0-0: Fly out, F9 (Flyball, 9, EV 83.8 MPH)
|
Batting: LHB Ed Leighton
|
0-0: Ball 1-0: Swinging Strike 1-1: Ground out 4-3 (Groundball, 4MD, EV 90.6 MPH)
|
Batting: LHB Lance Widdison
|
0-0: Ball 1-0: Ball 2-0: Foul Ball, location: 2F 2-1: Ball 3-1: SINGLE (Groundball, 56D, EV 102.5 MPH)
|
Batting: RHB Pita Arnurna
|
Pickoff Throw to First - Out! 1-3 CS
|
Bottom of the 7th over - 0 runs, 1 hit, 0 errors, 0 left on base; Redlands East Valley 5 - University of Maine 1 |
TOP OF THE 8TH |
Redlands East Valley Wildcats batting - Pitching for University of Maine Black Bears : RHP Chance Crawford
|
Batting: RHB Felipe Lara
|
0-0: Ball 1-0: Swinging Strike 1-1: Called Strike 1-2: Strikes out swinging
|
Batting: SHB Jason Pugh
|
0-0: Called Strike 0-1: Foul Ball, location: 2F 0-2: Ball 1-2: Strikes out swinging
|
Batting: LHB Steve Lane
|
0-0: Foul Ball, location: 2F 0-1: Ball 1-1: Swinging Strike 1-2: Ball 2-2: Strikes out swinging
|
Top of the 8th over - 0 runs, 0 hits, 0 errors, 0 left on base; Redlands East Valley 5 - University of Maine 1 |
BOTTOM OF THE 8TH |
University of Maine Black Bears batting - Pitching for Redlands East Valley Wildcats : RHP Rich McCain
|
Batting: RHB Pita Arnurna
|
0-0: Ball 1-0: Foul Ball, location: 2F 1-1: Ball 2-1: Ball 3-1: Called Strike 3-2: Base on Balls
|
Batting: RHB Rewa Havika
|
0-0: Ball 1-0: Foul Ball, location: 2F 1-1: Ball 2-1: Fly out, F8 (Line Drive, 8RD, EV 95.6 MPH)
|
Batting: RHB Justin Degon
|
0-0: Foul Ball, location: 2F 0-1: Ball 1-1: Ball 2-1: Called Strike 2-2: Fielders Choice at 2nd, 3-6 (Groundball, 3S, EV 92.5 MPH)
|
Batting: LHB Steve Thomas
|
0-0: Ball Passed Ball! Justin Degon to second 1-0: Ground out 5-3 (Groundball, 56, EV 86.2 MPH)
|
Bottom of the 8th over - 0 runs, 0 hits, 0 errors, 1 left on base; Redlands East Valley 5 - University of Maine 1 |
TOP OF THE 9TH |
Redlands East Valley Wildcats batting - Pitching for University of Maine Black Bears : RHP Chance Crawford
|
Pitching: LHP Gary Callender
|
|
Batting: RHB Jim Cahan
|
0-0: Foul Ball, location: 2F 0-1: Called Strike 0-2: Ball 1-2: Foul Ball, location: 2F 1-2: Ball 2-2: Strikes out swinging
|
Batting: RHB Justin Thomas
|
0-0: Ball 1-0: Called Strike 1-1: Foul Ball, location: 2F 1-2: Strikes out swinging, 2-3 out at first.
|
Batting: RHB Joe McKinzie
|
0-0: Ball 1-0: Ball 2-0: Ground out 5-3 (Groundball, 56S, EV 92.5 MPH)
|
Top of the 9th over - 0 runs, 0 hits, 0 errors, 0 left on base; Redlands East Valley 5 - University of Maine 1 |
BOTTOM OF THE 9TH |
University of Maine Black Bears batting - Pitching for Redlands East Valley Wildcats : RHP Rich McCain
|
Pitching: RHP Jorge Garza
|
|
Batting: LHB Osmo Leino
|
0-0: Called Strike 0-1: Ball 1-1: Ball 2-1: Ball 3-1: Base on Balls
|
Batting: LHB John Knox
|
0-0: Ball Wild Pitch! Osmo Leino to second 1-0: Foul Ball, location: 2F 1-1: Swinging Strike 1-2: Foul Ball, location: 2F 1-2: Ball 2-2: Ball 3-2: Strikes out swinging
|
Pinch Hitting: RHB Bryan Douglas
|
0-0: Ball 1-0: Ball 2-0: Ball 3-0: Foul Ball, location: 2F 3-1: Base on Balls
|
Batting: LHB Ed Leighton
|
0-0: Ball 1-0: Foul Ball, location: 2F 1-1: Fielders Choice at 2nd, 3-6 (Groundball, 34, EV 89.4 MPH) Osmo Leino to third
|
Batting: LHB Lance Widdison
|
0-0: Ball 1-0: Ball 2-0: Ball 3-0: Called Strike 3-1: Called Strike 3-2: Foul Ball, location: 2F 3-2: Foul Ball, location: 2F 3-2: Base on Balls Ed Leighton to second
|
Pitching: RHP Lance Greven
|
|
Batting: RHB Pita Arnurna
|
0-0: Foul Ball, location: 2F 0-1: Foul Ball, location: 2F 0-2: Strikes out swinging
|
Bottom of the 9th over - 0 runs, 0 hits, 0 errors, 3 left on base; Redlands East Valley 5 - University of Maine 1 |
|